[Event "Titled Tuesday Blitz July 25 Late 2023"]
[White "ZugZwang1201"]
[Black "jero888"]
[WhiteElo "2467"]
[BlackElo "2326"]
[Result "0-1"]
[Round "7"]
[TimeControl "180+2"]
[Date "2023.07.25"]
[WhiteClock "0:00:00"]
[BlackClock "0:00:10"]
[Board "114"]

1. e4 c5 2. Nf3 d6 3. d4 cxd4 4. Nxd4 Nf6 5. Nc3 Nc6 6. f4 Qb6 7. Nb3 g6 8. Be2 Bg7 9. g4 O-O 10. g5 Nd7 11. Nd5 Qd8 12. c4 e6 13. Nc3 Nc5 14. Be3 b6 15. Nd4 Bb7 16. Ndb5 d5 17. cxd5 exd5 18. exd5 Nb4 19. O-O Nxd5 20. Bxc5 Nxc3 21. Nxc3 bxc5 22. Qxd8 Raxd8 23. Bf3 Bd4+ 24. Kg2 Bxf3+ 25. Kxf3 Rb8 26. Na4 Bxb2 27. Nxb2 Rxb2 28. Rfc1 Rc8 29. Rc4 Rxh2 30. a4 Rh3+ 31. Kg4 Rb3 32. Rac1 Ra3 33. f5 gxf5+ 34. Kxf5 Kg7 35. R1c2 Rd8 36. Rxc5 Rxa4 37. Rb2 Rdd4 38. Rb7 Rf4+ 39. Ke5 Rae4+ 40. Kd6 Rd4+ 41. Kc6 Rc4 42. Rxa7 Rxc5+ 43. Kxc5 Rf5+ 44. Kd4 Rxg5 45. Ke4 h5 46. Kf4 Rg6 47. Kf5 Rf6+ 48. Kg5 Rh6 49. Rb7 h4 50. Rb2 h3 51. Rh2 Rh8 52. Kf5 f6 53. Kg4 Kg6 54. Kf4 Kf7 55. Kf5 Ke7 56. Kg6 Ke6 57. Kg7 Rh4 58. Kg6 Ke5 59. Kg7 Kf4 0-1


[Site "https://www.chess.com"]

[Event "Titled Tuesday Blitz July 25 Late 2023"]
[White "Kozusek, Daniel"]
[Black "Awoki, Daniel Teidi"]
[WhiteFideId "349500"]
[BlackFideId "2100827"]
[WhiteElo "2464"]
[BlackElo "2325"]
[Result "1-0"]
[Round "7"]
[TimeControl "180+2"]
[Date "2023.07.25"]
[WhiteClock "0:00:37"]
[BlackClock "0:00:00"]
[Board "115"]

1. Nf3 Nf6 2. c4 g6 3. d4 Bg7 4. g3 O-O 5. Bg2 d5 6. cxd5 Nxd5 7. O-O Nb6 8. Nc3 Nc6 9. e3 e5 10. d5 Na5 11. e4 Nac4 12. b3 Nd6 13. Ba3 f5 14. Rc1 Bd7 15. exf5 gxf5 16. Re1 e4 17. Nd4 Qf6 18. Nde2 Rae8 19. Nf4 Bh6 20. Nce2 Qf7 21. Bb2 Bg7 22. Bxg7 Qxg7 23. Rxc7 Na8 24. Rc1 Rc8 25. Nd4 Rxc1 26. Qxc1 Rc8 27. Qd2 Nb6 28. Nfe6 Qf6 29. Nf4 Qe5 30. Bh3 Nxd5 31. Nxd5 Qxd5 32. Qg5+ Kh8 33. Qf6+ Kg8 34. Rd1 Nb5 35. Kg2 e3+ 36. Kg1 exf2+ 37. Kxf2 Nxd4 38. Qxd4 Rc2+ 39. Kg1 Qxd4+ 40. Rxd4 Bc6 41. a4 Rc1+ 42. Kf2 Rc2+ 43. Ke3 Rxh2 44. Bxf5 Rb2 45. Rd3 Kg7 46. Kf4 h6 47. Be6 Rf2+ 48. Ke5 a6 49. Bd7 Rf3 50. Rxf3 Bxf3 51. a5 Kg6 52. Bc8 Kg5 53. Kd6 h5 54. Kc7 Bg4 55. Bxb7 Bf5 56. Bxa6 Kg4 57. Be2+ Kxg3 58. Bxh5 1-0


[Site "https://www.chess.com"]

[Event "Titled Tuesday Blitz July 25 Late 2023"]
[White "szachmistrz2500"]
[Black "Tsyhanchuk, Stanislav"]
[BlackFideId "13505130"]
[WhiteElo "2434"]
[BlackElo "2317"]
[Result "0-1"]
[Round "7"]
[TimeControl "180+2"]
[Date "2023.07.25"]
[WhiteClock "0:00:02"]
[BlackClock "0:00:21"]
[Board "116"]

1. Nf3 Nf6 2. g3 d5 3. Bg2 c5 4. O-O Nc6 5. d3 e6 6. Nbd2 Be7 7. e4 Qc7 8. Qe2 O-O 9. e5 Nd7 10. Re1 b5 11. Nf1 Bb7 12. h4 Rfb8 13. h5 h6 14. N1h2 Bf8 15. Ng4 d4 16. Bf4 Ne7 17. Nh4 Bxg2 18. Kxg2 Nb6 19. Kh2 Nbd5 20. Bd2 Nf5 21. Ng2 c4 22. Rac1 c3 23. bxc3 dxc3 24. Bf4 Qd8 25. Qe4 b4 26. f3 a5 27. Nf2 a4 28. g4 Nh4 29. Ne3 Nxf4 30. Qxf4 g5 31. hxg6 Nxg6 32. Qg3 Qh4+ 33. Qxh4 Nxh4 34. Kg3 Ng6 35. f4 Be7 36. Ne4 Bh4+ 37. Kf3 Bxe1 38. Rxe1 b3 39. cxb3 axb3 40. axb3 Rxb3 41. Rc1 Rc8 42. Nc4 Rd8 43. Ke3 c2 44. Ned6 Rc3 45. Kd2 Rb3 46. Ke3 f6 47. exf6 Kf8 48. Rxc2 Rb1 49. Rh2 Re1+ 50. Kd2 Rg1 51. f5 exf5 52. gxf5 Ne5 53. Nxe5 Rxd6 54. Rxh6 Rg8 55. Ke3 Rd5 56. Ke4 Rd6 57. d4 Rg1 58. f7 Rxh6 59. Kd5 Rf1 60. Ke4 Rh4+ 61. Kd5 Rhf4 62. Ng6+ Kxf7 63. Nxf4 Rxf4 64. Ke5 Rf1 65. d5 Re1+ 66. Kd6 Kf6 67. Kc7 Rc1+ 68. Kd7 Rd1 69. d6 Ke5 70. f6 Rxd6+ 71. Ke7 Rxf6 0-1


[Site "https://www.chess.com"]

[Event "Titled Tuesday Blitz July 25 Late 2023"]
[White "Miguelitro69"]
[Black "Arnold, Ken"]
[BlackFideId "2056836"]
[WhiteElo "2315"]
[BlackElo "2423"]
[Result "0-1"]
[Round "7"]
[TimeControl "180+2"]
[Date "2023.07.25"]
[WhiteClock "0:00:00"]
[BlackClock "0:00:43"]
[Board "117"]

1. e4 c6 2. d4 d5 3. Nc3 dxe4 4. Nxe4 Nf6 5. Nxf6+ exf6 6. c3 Bd6 7. Bd3 O-O 8. Ne2 Re8 9. O-O Nd7 10. Ng3 Nf8 11. f4 Qc7 12. f5 Bxg3 13. hxg3 Qxg3 14. Bf4 Qh4 15. Rf3 g5 16. Bd6 g4 17. Rg3 h5 18. Bf4 Bd7 19. Qd2 Re7 20. Kf2 Rae8 21. Rg1 Nh7 22. Bd6 Re4 23. Bxe4 Rxe4 24. Rd1 Ng5 25. Re1 Bxf5 26. Bf4 Rxe1 27. Kxe1 Ne4 28. Qe3 Nxg3 29. Bxg3 Qh1+ 30. Kf2 Qb1 31. Qe2 Qxa2 32. Bh4 Qe6 33. Kg3 Qxe2 0-1


[Site "https://www.chess.com"]

[Event "Titled Tuesday Blitz July 25 Late 2023"]
[White "Sala, Giulia"]
[Black "Reprintsev, Alexander"]
[WhiteFideId "2840451"]
[BlackFideId "14100541"]
[WhiteElo "2313"]
[BlackElo "2415"]
[Result "0-1"]
[Round "7"]
[TimeControl "180+2"]
[Date "2023.07.25"]
[WhiteClock "0:02:15"]
[BlackClock "0:02:17"]
[Board "118"]

1. e4 d5 2. exd5 Qxd5 3. Nc3 Qa5 4. Bc4 Nf6 5. Nf3 Nc6 6. O-O Bg4 7. d3 e6 8. Bd2 Qf5 9. Re1 Bxf3 10. Qxf3 Qxf3 11. gxf3 Nd4 12. Rf1 Nxf3+ 13. Kg2 Nxd2 14. Bb3 Nxf1 15. Rxf1 Bb4 16. f4 Bxc3 17. bxc3 g6 18. f5 gxf5 19. Kf3 Ke7 20. d4 Rhg8 21. Re1 c6 22. c4 Rad8 23. c3 Rg6 24. Re5 Rh6 25. d5 cxd5 26. cxd5 Nxd5 27. c4 Nf6 28. Rb5 b6 29. c5 bxc5 30. Rxc5 Rd7 0-1


[Site "https://www.chess.com"]

[Event "Titled Tuesday Blitz July 25 Late 2023"]
[White "Al Mukhaini, Shima"]
[Black "Ramadoss, Ashokkumar"]
[WhiteFideId "22005854"]
[BlackFideId "5040990"]
[WhiteElo "2400"]
[BlackElo "2303"]
[Result "0-1"]
[Round "7"]
[TimeControl "180+2"]
[Date "2023.07.25"]
[WhiteClock "0:00:00"]
[BlackClock "0:00:13"]
[Board "119"]

1. e4 e6 2. d4 d5 3. Nd2 Be7 4. Ngf3 Nf6 5. e5 Nfd7 6. c3 c5 7. Be2 Nc6 8. O-O a5 9. Re1 cxd4 10. cxd4 g5 11. h3 h5 12. Nf1 g4 13. N3h2 gxh3 14. gxh3 Bb4 15. Bd2 Qh4 16. Bxb4 axb4 17. Kg2 Rg8+ 18. Ng3 Nxd4 19. Bxh5 Nf5 20. Bg4 Nh6 21. Nf3 Qe7 22. Nd4 Nf8 23. Nb5 Ng6 24. Nd6+ Kf8 25. Qc1 Qh4 26. Nxc8 Nxg4 27. hxg4 Qxg4 28. Qh6+ Ke8 29. Nd6+ Ke7 30. Rh1 Rh8 31. Qe3 Nf4+ 32. Kf1 Rxh1+ 33. Nxh1 Qg2+ 34. Ke1 Qxh1+ 35. Kd2 Qxa1 36. Qxf4 Qxb2+ 37. Ke3 Qc3+ 38. Ke2 Qc2+ 39. Kf1 Qg6 40. Qh4+ Kd7 41. Qxb4 Qd3+ 42. Ke1 Qa6 43. a4 Qa5 44. Qxa5 Rxa5 45. Nxb7 Ra7 46. Nc5+ Kc6 47. Nd3 Rxa4 48. Ke2 Re4+ 49. Kf3 Kb5 50. Kg3 Kc4 51. Nf4 Rxe5 0-1


[Site "https://www.chess.com"]

[Event "Titled Tuesday Blitz July 25 Late 2023"]
[White "Barwinska, Ewa"]
[Black "Nunez V, Gustavo Eduardo"]
[WhiteFideId "21833761"]
[BlackFideId "4403690"]
[WhiteElo "2302"]
[BlackElo "2400"]
[Result "0-1"]
[Round "7"]
[TimeControl "180+2"]
[Date "2023.07.25"]
[WhiteClock "0:00:50"]
[BlackClock "0:01:54"]
[Board "120"]

1. e4 c5 2. b3 Nc6 3. Bb2 e5 4. Nc3 g6 5. Bb5 Nge7 6. Nf3 Bg7 7. O-O O-O 8. Re1 d6 9. h3 h6 10. Bxc6 bxc6 11. Nd5 cxd5 12. exd5 Nxd5 13. d3 f5 14. c4 Nf4 15. Bc1 Ne6 16. Nh2 Bb7 17. Rb1 Qh4 18. a3 a5 19. b4 axb4 20. axb4 Rab8 21. b5 Ra8 22. Nf3 Qh5 23. Be3 Ra2 24. Qb3 Rfa8 25. Nd2 f4 26. g4 Qxh3 27. Ne4 Bxe4 28. dxe4 f3 0-1


[Site "https://www.chess.com"]

[Event "Titled Tuesday Blitz July 25 Late 2023"]
[White "Eggleston, Thomas A"]
[Black "rionelG"]
[WhiteFideId "412139"]
[WhiteElo "2398"]
[BlackElo "2301"]
[Result "1-0"]
[Round "7"]
[TimeControl "180+2"]
[Date "2023.07.25"]
[WhiteClock "0:01:04"]
[BlackClock "0:00:00"]
[Board "121"]

1. e4 c5 2. Nf3 d6 3. Bc4 Nf6 4. d3 e6 5. O-O Be7 6. c3 O-O 7. Bb3 Nc6 8. Re1 Qc7 9. d4 b6 10. Nbd2 Bb7 11. e5 dxe5 12. dxe5 Nd7 13. Qe2 Rfd8 14. Bc2 Nf8 15. h4 Rd7 16. Nf1 Rad8 17. h5 h6 18. Bf4 Qc8 19. N1h2 Ba6 20. c4 Nd4 21. Nxd4 Rxd4 22. g3 Rxc4 23. Bd3 Rxd3 24. Qxd3 Rxf4 25. Qe3 Rd4 26. Rad1 Qd8 27. Rxd4 1-0


[Site "https://www.chess.com"]

[Event "Titled Tuesday Blitz July 25 Late 2023"]
[White "rikchessmx"]
[Black "Dwilewicz, Katarzyna"]
[BlackFideId "1148486"]
[WhiteElo "2269"]
[BlackElo "2398"]
[Result "1-0"]
[Round "7"]
[TimeControl "180+2"]
[Date "2023.07.25"]
[WhiteClock "0:01:29"]
[BlackClock "0:00:04"]
[Board "122"]

1. e4 c5 2. Nf3 d6 3. d4 cxd4 4. Nxd4 Nf6 5. Nc3 a6 6. f4 Nbd7 7. Be2 e5 8. Nb3 b5 9. a3 Bb7 10. Bf3 Be7 11. O-O exf4 12. Bxf4 Ne5 13. Kh1 O-O 14. Qe2 Rc8 15. Rad1 Qc7 16. Nd4 Rfe8 17. Nf5 Bf8 18. Bg5 Nxf3 19. Bxf6 Ne5 20. Bxe5 Rxe5 21. Qg4 Kh8 22. Ne3 Rce8 23. Ned5 Bxd5 24. Nxd5 Qxc2 25. Rxf7 Rxe4 26. Rdf1 g6 27. Qg5 Bg7 28. Nf6 R8e5 29. Qh6 Rh5 30. Qxg7# 1-0


[Site "https://www.chess.com"]

[Event "Titled Tuesday Blitz July 25 Late 2023"]
[White "Davidson, Kevin"]
[Black "Celestino, Rafael Teixeira"]
[WhiteFideId "2056810"]
[BlackFideId "2108925"]
[WhiteElo "2387"]
[BlackElo "2266"]
[Result "1-0"]
[Round "7"]
[TimeControl "180+2"]
[Date "2023.07.25"]
[WhiteClock "0:00:05"]
[BlackClock "0:00:00"]
[Board "123"]

1. e4 e5 2. Nf3 Nc6 3. Bb5 a6 4. Ba4 Nf6 5. O-O b5 6. Bb3 Be7 7. Re1 O-O 8. a4 Rb8 9. c3 Re8 10. axb5 axb5 11. d4 exd4 12. cxd4 Bb4 13. Nc3 Bxc3 14. bxc3 Nxe4 15. Bxf7+ Kxf7 16. Rxe4 Rxe4 17. Ng5+ Kg8 18. Nxe4 d5 19. Nc5 b4 20. cxb4 Rxb4 21. Be3 Bf5 22. Qf3 Qf6 23. Qxd5+ Kf8 24. Ra8+ Nb8 25. h3 Qb6 26. Qxf5+ Ke7 27. Bg5+ Ke8 28. Qe5+ Kf7 29. Qf5+ 1-0


[Site "https://www.chess.com"]

[Event "Titled Tuesday Blitz July 25 Late 2023"]
[White "Mendez Machado, Andre"]
[Black "Bueno, Alfeu Junior Varela"]
[WhiteFideId "6603793"]
[BlackFideId "2108879"]
[WhiteElo "2265"]
[BlackElo "2387"]
[Result "0-1"]
[Round "7"]
[TimeControl "180+2"]
[Date "2023.07.25"]
[WhiteClock "0:00:07"]
[BlackClock "0:00:05"]
[Board "124"]

1. e4 e6 2. d4 d5 3. Nd2 Nf6 4. e5 Nfd7 5. Ngf3 c5 6. c3 Nc6 7. Bd3 cxd4 8. cxd4 f6 9. O-O fxe5 10. Nxe5 Ndxe5 11. dxe5 Nxe5 12. Qh5+ Nf7 13. Re1 g6 14. Bb5+ Bd7 15. Qxd5 Bd6 16. Qxe6+ Be7 17. Nf3 Bxb5 18. Bg5 O-O 19. Bxe7 Qa5 20. Bxf8 Rxf8 21. Ng5 Bc6 22. Nxf7 Rxf7 23. Rad1 Qg5 24. f3 Bxf3 25. Qe8+ Kg7 26. Rd2 Qxd2 27. Qe5+ Kh6 28. gxf3 Rxf3 29. Re2 Qd1+ 30. Re1 Qd2 31. Re2 Qc1+ 32. Re1 Qc2 33. Re2 Qf5 34. Qxf5 Rxf5 35. Kg2 Rb5 36. b3 Kg5 37. Re7 h5 38. Rd7 h4 39. Rd4 Re5 40. h3 Re2+ 41. Kf3 Rxa2 42. Rg4+ Kh5 43. Rb4 b6 44. Rb5+ g5 45. Ke4 Rh2 46. Kd5 Rxh3 47. Kc6 Rh2 48. Kb7 Ra2 49. Rd5 h3 50. Rd3 h2 51. Kc6 h1=Q+ 0-1


[Site "https://www.chess.com"]

[Event "Titled Tuesday Blitz July 25 Late 2023"]
[White "Haitin, Ilja"]
[Black "Doluhanova, Evgeniya"]
[WhiteFideId "4501764"]
[BlackFideId "14112035"]
[WhiteElo "2380"]
[BlackElo "2265"]
[Result "0-1"]
[Round "7"]
[TimeControl "180+2"]
[Date "2023.07.25"]
[WhiteClock "0:00:00"]
[BlackClock "0:00:49"]
[Board "125"]

1. Nf3 Nf6 2. b3 g6 3. Bb2 Bg7 4. e3 O-O 5. d4 b6 6. Be2 Bb7 7. O-O d6 8. c4 Nbd7 9. Nc3 e5 10. Rc1 Ne4 11. d5 Nxc3 12. Bxc3 f5 13. Ng5 Qxg5 14. f4 Qe7 15. Bf3 e4 16. Be2 Bxc3 17. Rxc3 a5 18. a3 Qf6 19. Rc2 Rfe8 20. b4 axb4 21. axb4 Ra3 22. Qd2 Rea8 23. h3 Ra1 24. Rxa1 Qxa1+ 25. Kh2 Nf6 26. c5 bxc5 27. bxc5 Bxd5 28. cxd6 cxd6 29. Rc7 Qa5 30. Qc1 Bf7 31. Qb2 Qxc7 32. Qxf6 Ra2 33. Bb5 Qc2 34. Bf1 Qf2 35. Qxd6 Qxf1 36. Qd8+ Kg7 37. Qd4+ Kh6 0-1


[Site "https://www.chess.com"]

[Event "Titled Tuesday Blitz July 25 Late 2023"]
[White "Cardozo Munar, Carlos Eduardo"]
[Black "Lalanne, Pablo"]
[WhiteFideId "4409477"]
[BlackFideId "112151"]
[WhiteElo "2253"]
[BlackElo "2374"]
[Result "1-0"]
[Round "7"]
[TimeControl "180+2"]
[Date "2023.07.25"]
[WhiteClock "0:00:39"]
[BlackClock "0:00:01"]
[Board "126"]

1. e4 c5 2. Nf3 d6 3. Bc4 Nf6 4. Nc3 e6 5. O-O Be7 6. h3 O-O 7. Re1 a6 8. a4 Nc6 9. d4 cxd4 10. Nxd4 Qc7 11. Bb3 Bd7 12. Bg5 Nxd4 13. Qxd4 Bc6 14. Rad1 Rfd8 15. Kh1 b5 16. axb5 axb5 17. f4 Qb7 18. f5 b4 19. fxe6 bxc3 20. exf7+ Kh8 21. bxc3 Nxe4 22. Bxe7 Qxe7 23. Bd5 Bxd5 24. Qxd5 Nf2+ 25. Kg1 Qa7 26. Rd4 Rf8 27. Kxf2 Qxf7+ 28. Qxf7 Rxf7+ 29. Kg1 Rc7 30. Rxd6 Rxc3 31. Re2 h6 32. Rd7 Rac8 33. Ree7 Rg3 34. Kh2 Rg6 35. Re2 Kh7 36. Rdd2 Rgc6 37. Kg1 Rc3 38. Kf1 Ra8 39. Ke1 Ra1+ 40. Rd1 Ra2 41. Rc1 Rb2 42. Kd2 Rcb3 43. Re3 Rb8 44. Rd3 Rc8 45. g4 Ra2 46. Kd1 Ra4 47. c3 Rf4 48. Rc2 Re8 49. Re2 Rf1+ 50. Kd2 Ra8 51. c4 Ra2+ 52. Ke3 Raa1 53. Rc2 Rae1+ 54. Kd4 Rf4+ 55. Kd5 h5 56. c5 hxg4 57. hxg4 Rxg4 58. c6 Re8 59. c7 Rc8 60. Rh3+ Kg6 61. Kd6 Ra4 62. Kd7 Raa8 63. Rf3 Kg5 64. Rg2+ Kh4 65. Rxg7 Kh5 66. Rh3# 1-0


[Site "https://www.chess.com"]

[Event "Titled Tuesday Blitz July 25 Late 2023"]
[White "Villarreal, Agustin"]
[Black "Sariego Figueredo, Wilfredo"]
[WhiteFideId "125687"]
[BlackFideId "3500080"]
[WhiteElo "2361"]
[BlackElo "2246"]
[Result "0-1"]
[Round "7"]
[TimeControl "180+2"]
[Date "2023.07.25"]
[WhiteClock "0:00:00"]
[BlackClock "0:00:18"]
[Board "127"]

1. e4 c5 2. Nf3 a6 3. c3 e6 4. d4 d5 5. e5 Nc6 6. Be2 Qb6 7. O-O Bd7 8. a3 Rc8 9. b4 cxd4 10. cxd4 Nge7 11. Bb2 Nf5 12. g4 Nh6 13. h3 Be7 14. Nc3 O-O 15. Na4 Qa7 16. Nc5 Bxc5 17. bxc5 Rb8 18. a4 b6 19. cxb6 Rxb6 20. Ba3 Nb4 21. Qd2 a5 22. Rac1 Bxa4 23. Rc5 Bd7 24. Rfc1 Rfb8 25. Nh4 Kh8 26. g5 Ng8 27. Rc7 R6b7 28. R7c5 Ne7 29. Bxb4 axb4 30. Bd3 g6 31. Qe2 b3 32. Nf3 b2 33. Rb1 Rc7 34. Rxc7 Qxc7 35. Kg2 Qc1 36. h4 Ba4 37. h5 Nf5 38. hxg6 hxg6 0-1


[Site "https://www.chess.com"]

[Event "Titled Tuesday Blitz July 25 Late 2023"]
[White "DampFalcon"]
[Black "Lopez Perdomo, Juan David"]
[BlackFideId "4405137"]
[WhiteElo "2360"]
[BlackElo "2216"]
[Result "1-0"]
[Round "7"]
[TimeControl "180+2"]
[Date "2023.07.25"]
[WhiteClock "0:00:16"]
[BlackClock "0:00:04"]
[Board "128"]

1. e4 c5 2. Nf3 e6 3. g3 d6 4. Bg2 Nf6 5. Qe2 Be7 6. O-O O-O 7. c3 a6 8. d4 b5 9. Rd1 Qc7 10. Bf4 Bb7 11. Nbd2 Nbd7 12. Rac1 Qb6 13. Qd3 Rfd8 14. Ne1 a5 15. Nc2 b4 16. Ne3 Ba6 17. Nec4 Qa7 18. d5 exd5 19. exd5 Ne5 20. Bxe5 dxe5 21. Qf5 Nxd5 22. Nxe5 Bf6 23. Nc6 Qd7 24. Qxd7 Rxd7 25. Ne4 Bb7 26. Rxd5 Bxc6 27. Rxd7 Bxd7 28. Nxf6+ gxf6 29. Bxa8 Bc6 30. Bxc6 1-0


[Site "https://www.chess.com"]

[Event "Titled Tuesday Blitz July 25 Late 2023"]
[White "littlepinkyboy"]
[Black "Chlpik, Martin"]
[BlackFideId "14923351"]
[WhiteElo "2357"]
[BlackElo "2216"]
[Result "1-0"]
[Round "7"]
[TimeControl "180+2"]
[Date "2023.07.25"]
[WhiteClock "0:00:18"]
[BlackClock "0:00:00"]
[Board "129"]

1. Nf3 g6 2. g3 Bg7 3. Bg2 d6 4. O-O Nd7 5. d4 c6 6. c4 Rb8 7. Nc3 b5 8. cxb5 cxb5 9. b3 b4 10. Ne4 h6 11. Bb2 f5 12. Ned2 Ngf6 13. Nc4 O-O 14. d5 Nb6 15. Nd4 Nxc4 16. bxc4 Qc7 17. Rc1 Ne4 18. Nb5 Qc5 19. Bxg7 Kxg7 20. Bxe4 fxe4 21. Qd4+ Qxd4 22. Nxd4 Bd7 23. c5 dxc5 24. Rxc5 Rfc8 25. Rfc1 Kf6 26. Nc6 Bxc6 27. dxc6 Rc7 28. R1c4 Rb6 29. Rxe4 Rcxc6 30. Rxc6+ Rxc6 31. Rxb4 Rc2 32. Ra4 Rxe2 33. Rxa7 h5 34. Kg2 Re1 35. a4 h4 36. gxh4 Re4 37. Kg3 Rb4 38. a5 Rb3+ 39. f3 Rb1 40. Ra8 Rg1+ 41. Kf2 Rh1 42. Kg2 Ra1 43. a6 Ra2+ 44. Kg3 Ra4 45. Kf2 Kg7 46. a7 Kf7 47. Ke3 Kg7 48. f4 Kf7 49. Kd3 Kg7 50. Kc3 Kf7 51. Kb3 Ra1 52. Kb4 Rb1+ 53. Kc4 Rc1+ 54. Kd5 Rd1+ 55. Ke4 Re1+ 56. Kf3 Rf1+ 57. Kg2 Ra1 58. h5 gxh5 59. Kg3 Ra2 60. h3 Ra3+ 61. Kf2 Kg7 62. Ke2 Kf7 63. Kd2 Ra1 64. Kc3 Kg7 65. Kd4 Kf7 66. Ke5 Ra5+ 67. Ke4 Ra4+ 68. Kf3 Ra1 69. f5 Kg7 70. Kf4 Rf1+ 71. Kg5 Ra1 72. Kxh5 Ra5 73. Kg5 e6 74. Kf4 Rxf5+ 75. Kg4 Ra5 76. h4 Ra4+ 77. Kg5 Ra5+ 78. Kf4 Kh7 79. h5 Kg7 80. h6+ Kh7 81. Ke4 Ra4+ 82. Ke5 Ra1 83. Kxe6 Re1+ 84. Kf6 Rf1+ 85. Ke5 Re1+ 86. Kd6 Rd1+ 87. Kc5 Rc1+ 88. Kd4 Rd1+ 89. Ke3 Re1+ 90. Kf2 Ra1 91. Kg3 Rg1+ 92. Kf4 Ra1 93. Kg5 Rg1+ 94. Kf6 Rf1+ 95. Ke7 Re1+ 96. Kd7 Rd1+ 97. Kc7 Rc1+ 98. Kb7 Rb1+ 99. Ka6 Ra1+ 100. Kb6 Rb1+ 101. Ka5 Ra1+ 102. Kb5 Rb1+ 103. Ka4 Ra1+ 104. Kb4 Rb1+ 105. Ka3 Ra1+ 106. Kb3 Ra6 107. Kb4 Ra1 108. Kc5 Rc1+ 109. Kd6 Rd1+ 110. Ke7 Re1+ 111. Kf8 Rf1+ 112. Ke8 Re1+ 113. Kf7 Rf1+ 114. Ke6 Re1+ 115. Kf5 Rf1+ 116. Kg4 Rg1+ 117. Kh3 Rh1+ 118. Kg2 Ra1 119. Re8 Rxa7 120. Re6 Ra5 121. Kg3 Rh5 122. Kg4 Rxh6 123. Re7+ Kg6 124. Ra7 Rh7 125. Ra6+ Kg7 126. Kg5 Kg8 127. Ra8+ Kg7 128. Ra7+ Kg8 129. Ra3 Kg7 130. Ra8 1-0


[Site "https://www.chess.com"]

[Event "Titled Tuesday Blitz July 25 Late 2023"]
[White "Winslow, Elliott"]
[Black "Campos, Maria Jose"]
[WhiteFideId "2002523"]
[BlackFideId "146803"]
[WhiteElo "2189"]
[BlackElo "2355"]
[Result "0-1"]
[Round "7"]
[TimeControl "180+2"]
[Date "2023.07.25"]
[WhiteClock "0:00:49"]
[BlackClock "0:02:12"]
[Board "130"]

1. d4 Nf6 2. c4 e6 3. Nf3 d5 4. Nc3 dxc4 5. e3 a6 6. Bxc4 b5 7. Bb3 c5 8. O-O Bb7 9. Qe2 Nbd7 10. Rd1 Qc7 11. e4 cxd4 12. Nxd4 Nc5 13. f3 Be7 14. Bc2 O-O 15. Be3 Rfd8 16. Rac1 Rac8 17. Bf2 Qb8 18. e5 Nd5 19. Nxd5 Rxd5 20. f4 b4 21. Nf3 Rcd8 22. h4 a5 23. Ng5 h6 24. Ne4 Nxe4 25. Qxe4 Rxd1+ 0-1


[Site "https://www.chess.com"]

[Event "Titled Tuesday Blitz July 25 Late 2023"]
[White "Rian, Kapriaga"]
[Black "Osmonbekov, Talaibek"]
[WhiteFideId "7103263"]
[BlackFideId "2017253"]
[WhiteElo "2355"]
[BlackElo "2170"]
[Result "0-1"]
[Round "7"]
[TimeControl "180+2"]
[Date "2023.07.25"]
[WhiteClock "0:00:00"]
[BlackClock "0:00:03"]
[Board "131"]

1. d4 e6 2. Nf3 f5 3. Nc3 Nf6 4. Bg5 Bb4 5. Qd3 b6 6. a3 Bxc3+ 7. Qxc3 Bb7 8. e3 h6 9. Bxf6 gxf6 10. Be2 O-O 11. O-O Kh7 12. g3 Nc6 13. b4 Ne7 14. a4 Rg8 15. a5 b5 16. a6 Bc6 17. Qd2 Rb8 18. Nh4 Rb6 19. Rfb1 Nd5 20. c4 bxc4 21. Bxc4 f4 22. b5 Ba8 23. e4 fxg3 24. hxg3 Ne7 25. Bd3 Qe8 26. Qe2 Qf7 27. Rc1 c6 28. bxc6 Rxc6 29. d5 Rxc1+ 30. Rxc1 Ng6 31. Nxg6 Qxg6 32. Rc7 exd5 33. exd5 f5 34. Rxd7+ Rg7 35. Rxg7+ Kxg7 36. Qe7+ Qf7 37. Qe5+ Kg6 38. g4 Qxd5 39. Bxf5+ Kf7 40. Qc7+ Kf6 41. f3 Qxf3 42. Qd6+ Kf7 43. Qg6+ Ke7 44. Qe6+ Kf8 45. Qf6+ Ke8 46. Qe6+ Kf8 47. Qf6+ Ke8 48. Qh8+ Kf7 49. Qh7+ Kf6 0-1


[Site "https://www.chess.com"]

[Event "Titled Tuesday Blitz July 25 Late 2023"]
[White "Curtis, John"]
[Black "Yolosz"]
[WhiteFideId "3200256"]
[WhiteElo "2141"]
[BlackElo "2343"]
[Result "0-1"]
[Round "7"]
[TimeControl "180+2"]
[Date "2023.07.25"]
[WhiteClock "0:00:17"]
[BlackClock "0:00:15"]
[Board "132"]

1. e4 c5 2. Nf3 Nc6 3. d4 cxd4 4. Nxd4 g6 5. Nc3 Bg7 6. Be3 Nf6 7. Be2 O-O 8. O-O d5 9. exd5 Nxd5 10. Nxd5 Nxd4 11. Bxd4 Qxd5 12. Bxg7 Qxd1 13. Raxd1 Kxg7 14. Bf3 Rb8 15. c4 Be6 16. Bd5 Bxd5 17. Rxd5 Rfc8 18. b3 Rc7 19. Rfd1 Rbc8 20. Kf1 Kf6 21. Ke2 a6 22. R1d4 Rc6 23. Rf4+ Kg7 24. Rfd4 Re6+ 25. Kd2 Rcc6 26. c5 h5 27. b4 b6 28. cxb6 Rxb6 29. Rc5 Red6 30. Rxd6 Rxd6+ 31. Kc3 Kf6 32. Ra5 Ke6 33. a4 Kd7 34. b5 axb5 35. Rxb5 Kc6 36. Rb4 Re6 37. Rf4 f5 38. Rf3 Kb6 39. Re3 Rxe3+ 40. fxe3 Kc5 41. a5 e5 42. a6 Kb6 43. Kc4 Kxa6 44. Kd5 e4 45. Ke5 Kb5 46. h3 Kc4 47. g4 hxg4 48. hxg4 Kd3 49. gxf5 gxf5 50. Kf4 Ke2 51. Kxf5 Kxe3 0-1


[Site "https://www.chess.com"]

[Event "Titled Tuesday Blitz July 25 Late 2023"]
[White "Winkels, Marcel"]
[Black "Zhou, Qiyu"]
[WhiteFideId "1003887"]
[BlackFideId "505161"]
[WhiteElo "2071"]
[BlackElo "2340"]
[Result "0-1"]
[Round "7"]
[TimeControl "180+2"]
[Date "2023.07.25"]
[WhiteClock "0:00:16"]
[BlackClock "0:00:55"]
[Board "133"]

1. e4 e5 2. Nf3 Nc6 3. Bb5 a6 4. Ba4 Nf6 5. d3 b5 6. Bb3 Be7 7. O-O O-O 8. a3 d6 9. h3 h6 10. Nc3 Be6 11. Nd5 Na5 12. Ba2 c6 13. Nxe7+ Qxe7 14. Be3 Nb7 15. Qd2 Nh7 16. Nh2 Kh8 17. f4 Bxa2 18. Rxa2 exf4 19. Bxf4 Qe6 20. Raa1 d5 21. Rae1 d4 22. Nf3 c5 23. Qf2 Nd6 24. Qg3 Rad8 25. Bxd6 Rxd6 26. Nh4 Rd7 27. Nf5 f6 28. e5 fxe5 29. Rxe5 Qc6 30. Ne7 Rxf1+ 31. Kxf1 Rxe7 32. Rf5 Qe6 33. Qb8+ Re8 0-1


[Site "https://www.chess.com"]

[Event "Titled Tuesday Blitz July 25 Late 2023"]
[White "Osiecki, Stanislaw"]
[Black "arturdailima"]
[WhiteFideId "1102990"]
[WhiteElo "2054"]
[BlackElo "2339"]
[Result "1/2-1/2"]
[Round "7"]
[TimeControl "180+2"]
[Date "2023.07.25"]
[WhiteClock "0:00:16"]
[BlackClock "0:00:50"]
[Board "134"]

1. e4 c5 2. c3 Nf6 3. e5 Nd5 4. d4 cxd4 5. Nf3 e6 6. cxd4 d6 7. a3 Be7 8. Bd3 O-O 9. O-O Nc6 10. Qe2 Qc7 11. Re1 dxe5 12. dxe5 b6 13. Bd2 Bb7 14. Nc3 Nxc3 15. Bxc3 Rfd8 16. Rad1 Rd7 17. Qe4 g6 18. Qf4 f5 19. h4 Rad8 20. Bc2 Na5 21. Rxd7 Rxd7 22. h5 Bxf3 23. Qxf3 Qc4 24. hxg6 hxg6 25. Qg3 Kf7 26. Qh3 Qh4 27. Qxh4 Bxh4 28. Bxa5 bxa5 29. Re2 Rb7 30. b3 Rc7 31. a4 Be7 32. Bd3 Rc3 33. Bc4 Bc5 34. Rd2 Ke7 35. Kf1 Rc1+ 36. Ke2 Rg1 37. g3 g5 38. Rc2 Bb6 39. Bb5 g4 40. Rd2 Rg2 41. Kf1 Rh2 42. Kg1 Rh8 43. Rd7+ Kf8 44. Rd6 Rh6 45. Bc4 Ke7 46. Rc6 Kd7 47. Rd6+ Ke7 48. Rc6 Rg6 49. Rd6 Rh6 1/2-1/2


[Site "https://www.chess.com"]

[Event "Titled Tuesday Blitz July 25 Late 2023"]
[White "Masterisback04"]
[Black "Kujawski, Adam"]
[BlackFideId "1100920"]
[WhiteElo "1865"]
[BlackElo "2331"]
[Result "1-0"]
[Round "7"]
[TimeControl "180+2"]
[Date "2023.07.25"]
[WhiteClock "0:02:23"]
[BlackClock "0:00:00"]
[Board "135"]

1. e4 e5 2. Nf3 Nc6 3. Bb5 a6 4. Ba4 Nf6 5. Qe2 b5 6. Bb3 Bc5 7. a4 Rb8 8. axb5 axb5 9. Nc3 O-O 10. Nxb5 d5 11. exd5 e4 12. Ng5 Rxb5 13. Qxb5 Bxf2+ 14. Kf1 Nd4 15. Qc4 Ng4 16. d3 1-0


[Site "https://www.chess.com"]